Description

Standart

Replay - Maru v Serral: Game 3 - [ESL] Hard Lead

Build Order

Get SALT Encoding   

  12  0:00  Drone  
  13  0:12  Overlord  
  13  0:18  Drone  
  14  0:30  Drone x2  
  16  0:47  Hatchery  
  15  0:50  Drone x2  
  17  0:57  Drone  
  18  1:08  Extractor  
  17  1:13  Spawning Pool  
  17  1:16  Drone x2  
  18  1:27  Drone  
  21  2:00  Queen x2  
  21  2:01  Zergling x4  
  27  2:08  Metabolic Boost  
  27  2:21  Hatchery  
  26  2:25  Overlord  
  26  2:28  Spore Crawler  
  27  2:46  Queen  
  27  2:51  Overlord  
  35  3:08  Queen  
  40  3:17  Overlord  
  43  3:32  Queen, Roach Warren  
  47  3:44  Extractor x2  
  48  3:49  Overlord  
  49  4:01  Zergling x10  
  53  4:14  Roach x5  
  63  4:26  Roach  
  65  4:34  Roach x3  
  71  4:45  Zergling x6  
  75  5:09  Ravager x4  
  84  5:18  Ravager x2  
  93  5:29  Ravager  
  99  5:41  Ravager  
Spawning Tool Build Advisor. Get it on Overwolf

Go to:

Details

  • Created by: Cloudless
  • Published on: Aug 07, 2024
  • Modified on: Aug 08, 2024
  • Patch: 5.0.11
  • Difficulty: Easy
Show
View Real Time Build Order
Export as new Build Order

Comments (0)

There are no comments. Be the first!

Create an account to comment!